 Dungeon Crawl Stone Soup version 0.27.1-34-g3ba077fa99 (webtiles) character file.

Game seed: 505581691973516427

32 cbfl8 the Sneak (level 3, -20/33 HPs)
             Began as a Minotaur Delver on Jan 24, 2022.
             Demolished by an ogre (25 damage)
             ... on level 4 of the Dungeon.
             The game lasted 00:00:40 (227 turns).

cbfl8 the Sneak (Minotaur Delver)                    Turns: 227, Time: 00:00:41

Health: -20/33     AC:  3    Str: 17    XL:     3   Next: 10%
Magic:  2/2        EV: 12    Int:  7    God:
Gold:   0          SH:  0    Dex: 11    Spells: 2/2 levels left

rFire    . . .     SeeInvis .   a - +0 hand axe
rCold    . . .     Faith    .   (no shield)
rNeg     . . .     Spirit   .   b - +0 leather armour
rPois    .         Reflect  .   (helmet restricted)
rElec    .         Harm     .   (no cloak)
rCorr    .         Rampage  .   (no gloves)
Will     .....                  (no boots)
Stlth    ++........             (no amulet)
HPRegen  0.11/turn              (no ring)
MPRegen  0.08/turn              (no ring)

@: no status effects
A: horns 2, retaliatory headbutt
a: no special abilities


You were on level 4 of the Dungeon.
You visited 1 branch of the dungeon, and saw 2 of its levels.

Inventory:

Hand Weapons
 a - a +0 hand axe (weapon)
Armour
 b - a +0 leather armour (worn)
Wands
 g - a wand of digging (3)
Scrolls
 c - a scroll of fog
 d - a scroll of identify {unknown}
 e - a scroll of fear
Potions
 f - a potion of haste


   Skills:
 + Level 3.9 Fighting
 + Level 2.5 Axes
 + Level 2.3 Dodging
 + Level 4.8 Stealth


You had 2 spell levels left.
You didn't know any spells.
Your spell library was empty.

Dungeon Overview and Level Annotations

Branches:
Dungeon (5/15)
 Temple: D:4-7

Altars:


Innate Abilities, Weirdness & Mutations

You have a pair of horns on your head.
You reflexively headbutt those who attack you in melee.


Message History

A goblin is nearby!
A goblin is nearby!
The goblin hits you with a +0 dagger.
You miss the goblin. The goblin closely misses you. You furiously retaliate!
You headbutt the goblin!
You kill the goblin!
You see here a +0 dagger.
Found a chain mail.
You start resting.
A quokka comes into view.
An ogre comes into view. It is wielding a +0 giant club.
The ogre shouts!
An orc comes into view. It is wielding a +0 whip.
The quokka closely misses you.
You hit the quokka. Your headbutt misses the quokka.
The quokka is moderately wounded.
The quokka barely misses you.
You hit the quokka.
The quokka is heavily wounded.
The quokka barely misses you. The ogre barely misses you.
You furiously retaliate!
You headbutt the ogre! You hit the quokka.
You kill the quokka!
You hit the ogre.
Things that are here:
14 gold pieces; a quokka corpse
Found a long sword.
You slash the ogre! You headbutt the ogre.
The ogre is severely wounded.
The ogre hits you with a +0 giant club.
You hit the ogre.
The ogre is almost dead.
The ogre hits you with a +0 giant club!!
Ouch! That really hurt!
* * * LOW HITPOINT WARNING * * *
You closely miss the ogre. Your headbutt misses the ogre.
The ogre is almost dead.
The ogre hits you with a +0 giant club!!
Ouch! That really hurt!
You die...

#...... ...... #......
....o . ....... .... ..
......) [..##.......#
....... ##O..........#
....... ............#
.......##+#.##........
.......@O...##.......
#######.....##.....#####
.....................
..............>.......
......##.#)#...........
...... #.#.............
...........##.#.#......
.......#.#.##'#.#.####.
.............#.#


You could see an ogre.

Vanquished Creatures
  A jelly (D:4)
  A goblin (D:4)
  A quokka (D:4)
3 creatures vanquished.

Notes
Turn   | Place    | Note
-------+----------+-------------------------------------------
     0 | D:5      | cbfl8 the Minotaur Delver began the quest for the Orb.
     0 | D:5      | Reached XP level 1. HP: 19/19 MP: 0/0
    92 | D:4      | Noticed a jelly
    96 | D:4      | Killed a jelly
    97 | D:4      | Reached XP level 2. HP: 15/27 MP: 1/1
    97 | D:4      | Reached XP level 3. HP: 18/33 MP: 2/2
   216 | D:4      | Noticed an ogre
   227 | D:4      | Demolished by an ogre

Illustrated notes

Levels and vault maps discovered:
D:4:      layout_basic, kennysheep_vampire_church, minmay_temple_entry_waves
D:5:      layout_gridville, gup_ossuary_entry_pyramid

Action                   || total
-------------------------++-------
Melee: Hand axe          ||     9
       Headbutt          ||     3
  Use: Scroll            ||     1
Armor: Leather armour    ||     1
Dodge: Dodged            ||     6
